 Dungeon Crawl Stone Soup version 0.29-a0-43-g62a80824bf (webtiles) character file.

Game seed: 6952120772930738448

476 enile the Chiller (level 7, -2/82 HPs)
             Began as a Barachi Ice Elementalist on Feb 3, 2022.
             Was a Follower of Uskayaw.
             Slain by an orc warrior (12 damage)
             ... on level 4 of the Dungeon.
             The game lasted 00:09:39 (4649 turns).

enile the Chiller (Barachi Ice Elementalist)        Turns: 4649, Time: 00:09:40

Health: -2/82      AC:  3    Str:  9    XL:     7   Next: 10%
Magic:  3/11       EV: 11    Int: 20    God:    Uskayaw [*.....]
Gold:   116        SH:  0    Dex: 12    Spells: 5/12 levels left

rFire   . . .      SeeInvis .   m - +0 short sword (venom)
rCold   . . .      Faith    .   (no shield)
rNeg    . . .      Spirit   .   g - +0 leather armour
rPois   .          Reflect  .   (no helmet)
rElec   .          Harm     .   (no cloak)
rCorr   .          Rampage  .   (no gloves)
Will    +....                   (no boots)
Stlth   ..........              (no amulet)
HPRegen 0.23/turn               o - ring of willpower
MPRegen 0.12/turn               (no ring)

@: berserking (expiring), unable to hop, quick
A: amphibious, slowness 1, strong legs 1, +LOS, fangs 1, clever 1, subdued magic
1, MP-powered wands
a: Hop, Renounce Religion, Stomp


You were on level 4 of the Dungeon.
You worshipped Uskayaw.
Uskayaw was noncommittal.
You visited 1 branch of the dungeon, and saw 4 of its levels.

You collected 116 gold pieces.

Inventory:

Hand Weapons
 d - a +1 dagger
 f - a +0 falchion
 m - a +0 short sword of venom (weapon)
Missiles
 n - a throwing net
Armour
 a - a +0 robe
 g - a +0 leather armour (worn)
Jewellery
 o - a ring of willpower (left hand)
Wands
 i - a wand of flame (13)
Scrolls
 j - 2 scrolls of enchant weapon
 l - 2 scrolls of amnesia
Potions
 b - 3 potions of curing
 c - a potion of mutation
 e - a potion of berserk rage
 h - a potion of ambrosia {unknown}


   Skills:
 + Level 4.8 Fighting
 - Level 3.0 Armour
 - Level 2.1 Dodging
 - Level 1.7 Stealth
 - Level 3.0 Spellcasting
 - Level 7.0 Ice Magic
 - Level 2.0 Evocations


You had 5 spell levels left.
You knew the following spells:

 Your Spells              Type           Power      Damage    Failure   Level
a - Freeze                Ice            92%        1d10      1%          1
b - Frozen Ramparts       Ice            46%        1d6       2%          3
c - Ozocubu's Armour      Ice            23%        N/A       2%          3

Your spell library contained the following spells:

 Spells                   Type           Power      Damage    Failure   Level
 Beastly Appendage        Tmut           4%         N/A       16%         1
 Blink                    Tloc           4%         N/A       24%         2
 Wereblood                Tmut           2%         N/A       24%         2
 Hailstorm                Conj/Ice       13%        3d5       36%         4
 Inner Flame              Hex/Fire       2%         N/A       45%         3
 Lesser Beckoning         Tloc           2%         N/A       45%         3
 Spider Form              Tmut/Pois      2%         N/A       45%         3
 Metabolic Englaciation   Hex/Ice        6%         N/A       73%         5
 Cause Fear               Hex            1%         N/A       86%         4
 Manifold Assault         Tloc           2%         N/A       99%         5
 Simulacrum               Ice/Necr       6%         N/A       100%        6
 Discord                  Hex            1%         N/A       100%        8


Dungeon Overview and Level Annotations

Branches:
Dungeon (4/15)
 Temple: D:4-7

Altars:
Trog
Uskayaw

Annotations:
D:3 3 runed translucent doors, awesomeguy42's ghost, weakling HuNe; neva315's ghost, amateur HuCj


Innate Abilities, Weirdness & Mutations

You are amphibious.
You cover ground slowly.
You can hop short distances.
You have an extended range of vision and can be seen from far away.
You have very sharp teeth.
Your mind is acute. (Int +2)
Your spells are a little easier to cast, but a little less powerful.
You expend magic power (3 MP) to strengthen your wands.


Message History

You hear some strange, mumbled words.
A puff of flame appears from out of thin air!
The puff of flame hits you!
The orc warrior hits you with a +0 flail!
* * * LOW HITPOINT WARNING * * *
The heat melts your icy armour.
Hop to where?
Press: ? - help, Dir - move target, p - orc warrior Your icy armour will break if you move.
Continue?
Your icy armour cracks and falls away as you move.
Boing!
The orc wizard gestures wildly while chanting.
The orc wizard flickers and vanishes!
You see here a ring of fire.
The plant is engulfed in a cloud of scalding steam.
The plant begins to die.
The orc warrior is engulfed in a cloud of scalding steam.
As you read the scroll of identify, it crumbles to dust.
l - 2 scrolls of amnesia A magic dart appears from out of thin air!
The magic dart hits you.
* * * LOW HITPOINT WARNING * * *
You can no longer pass through a line of other dancers.
It was a potion of mutation.
You feel extremely strange.
Your connection to magic feels subdued.
Your teeth lengthen and sharpen.
You feel your magical essence link to the dungeon's wands.
You feel clever.
It was a potion of berserk rage.
A red film seems to cover your vision as you go berserk!
You feel yourself moving faster!
You feel mighty!
You feel a strong urge to attack something.
Something hits the plant.
The plant begins to die.
The orc warrior hits you but does no damage.
You hit the orc warrior.
The orc warrior is poisoned.
The orc warrior is severely wounded.
You hit the orc warrior.
The orc warrior looks as sick as possible!
The orc warrior is almost dead.
The orc warrior hits you with a +0 flail!
You die...

#... ....... #..#
...≈≈# #..##...≈♣
#..#≈♣..≈♣♣##
#..P≈≈≈.≈≈♣≈#
#♣♣≈≈≈≈...≈≈≈♣
###♣P≈≈≈)....P≈≈♣
##.o{≈{≈≈≈....≈≈≈♣
#..@♣{≈§P≈≈...≈≈≈♣
#...♣♣≈≈≈≈P...≈≈≈♣
#...♣P≈≈≈≈≈^..≈≈≈♣
.........♣≈≈≈≈≈≈≈...≈≈♣
...#......♣≈≈≈P≈...≈≈≈♣
. #.+....+≈≈≈≈≈≈).≈≈♣#
#.#....#♣≈≈≈≈≈...≈#
#.#....#♣≈≈≈≈≈...##
......♣♣≈P≈♣........


You could see an orc warrior (extremely poisoned).

Vanquished Creatures
  A scorpion (D:4)
  2 water moccasin skeletons (D:4)
  A centaur skeleton (D:4)
  Jessica (D:2)
  An iguana (D:3)
  Natasha (thrice) (D:2)
  An orc wizard (D:4)
  5 adders
  3 worms
  3 dart slugs
  7 orcs (D:4)
  5 bats
  10 endoplasms
  3 giant cockroaches
  7 goblins
  5 hobgoblins
  4 quokkas
  5 ball pythons
  3 frilled lizards
  7 kobolds
  6 rats
83 creatures vanquished.

Vanquished Creatures (others)
  7 plants (D:4)
  4 toadstools (D:1)
  5 withered plants (D:3)
16 creatures vanquished.

Grand Total: 99 creatures vanquished

Notes
Turn   | Place    | Note
-------+----------+-------------------------------------------
     0 | D:1      | enile the Barachi Ice Elementalist began the quest for the
                  | Orb.
     0 | D:1      | Reached XP level 1. HP: 13/13 MP: 3/3
    19 | D:1      | Reached skill level 1 in Fighting
   156 | D:1      | Reached XP level 2. HP: 20/22 MP: 1/5
   432 | D:1      | Reached skill level 5 in Ice Magic
   667 | D:1      | You fall into a shaft and drop 1 floor!
   837 | D:2      | Reached XP level 3. HP: 7/27 MP: 2/6
  1432 | D:2      | Learned a level 3 spell: Frozen Ramparts
  1591 | D:2      | Reached skill level 6 in Ice Magic
  1703 | D:2      | Reached XP level 4. HP: 33/33 MP: 1/7
  1859 | D:2      | Noticed Jessica
  1883 | D:2      | Killed Jessica
  2078 | D:2      | Noticed Natasha
  2083 | D:2      | Killed Natasha
  2084 | D:2      | Reached skill level 7 in Ice Magic
  2084 | D:2      | Reached XP level 5. HP: 33/38 MP: 4/8
  2134 | D:2      | Reached skill level 1 in Armour
  2423 | D:2      | Noticed Natasha
  2431 | D:2      | Killed Natasha
  2502 | D:2      | Noticed Natasha
  2507 | D:2      | Killed Natasha
  3085 | D:3      | Found a runed translucent gate.
  3085 | D:3      | Found a runed translucent gate.
  3108 | D:3      | Found a runed translucent gate.
  3108 | D:3      | Noticed neva315's ghost (amateur HuCj)
  3108 | D:3      | Noticed awesomeguy42's ghost (weakling HuNe)
  3230 | D:3      | Reached XP level 6. HP: 48/48 MP: 6/9
  3606 | D:3      | Found a faded altar of an unknown god.
  3713 | D:3      | Prayed at the altar of an unknown god.
  3713 | D:3      | Became a worshipper of Uskayaw the Reveller
  3713 | D:3      | Reached * piety under Uskayaw
  3783 | D:4      | Reached ** piety under Uskayaw
  4069 | D:4      | Reached skill level 1 in Evocations
  4354 | D:4      | Found a bloodstained altar of Trog.
  4376 | D:4      | Reached *** piety under Uskayaw
  4453 | D:4      | Learned a level 3 spell: Ozocubu's Armour
  4623 | D:4      | Noticed an orc warrior
  4629 | D:4      | Reached XP level 7. HP: 54/55 MP: 11/11
  4644 | D:4      | Gained mutation: Your spells are a little easier to cast,
                  | but a little less powerful. [potion of mutation]
  4644 | D:4      | Gained mutation: You have very sharp teeth. [potion of
                  | mutation]
  4644 | D:4      | Gained mutation: You expend magic power (3 MP) to
                  | strengthen your wands. [potion of mutation]
  4644 | D:4      | Gained mutation: Your mind is acute. (Int +2) [potion of
                  | mutation]
  4649 | D:4      | Slain by an orc warrior

Illustrated notes

Levels and vault maps discovered:
D:1:      ldierk_water_garden, layout_basic
D:2:      wad_crossroads, layout_basic, minmay_misc_feat_cross, uniq_jessica,
          uniq_natasha
D:3:      layout_rooms, shapermc_ecumenical_altar_mp_vishouse,
          gammafunk_ghost_cemetery, kennysheep_big_empty_room
D:4:      layout_basic, trog_hazing_becter, nicolae_zen_rock_garden,
          serial_bayou_ford_a, minmay_misc_feat_x, minmay_misc_feat_rugged,
          st_stairs_6, uniq_grinder

Skill      XL: |  1  2  3  4  5  6 |
---------------+-------------------+-----
Fighting       | 1 2 3 4 |  4.8
Ice Magic      | 5 6 7 |  7.0
Armour         | 2 3 |  3.0
Spellcasting   | 3 |  3.0
Evocations     | 2 |  2.0
Dodging        | |  2.1
Stealth        | |  1.7

Action                   |  1- 3 |  4- 6 |  7- 9 || total
-------------------------+-------+-------+-------++-------
Melee: Dagger            |     3 |     3 |       ||     6
       Short sword       |       |    17 |     2 ||    19
 Cast: Freeze            |    49 |    72 |     7 ||   128
       Frozen Ramparts   |     3 |    14 |       ||    17
       Ozocubu's Armour  |       |     1 |     1 ||     2
Invok: Stomp             |       |     1 |       ||     1
 Abil: Hop               |       |       |     1 ||     1
Evoke: Wand              |       |     6 |       ||     6
  Use: Scroll            |     2 |       |     1 ||     3
       Potion            |       |       |     2 ||     2
 Stab: Paralysed         |       |     2 |       ||     2
Armor: Robe              |     4 |     2 |       ||     6
       Leather armour    |       |    19 |     4 ||    23
Dodge: Dodged            |    17 |    57 |     2 ||    76

Table legend: (Time is in decaauts)
 A = Elapsed time spent in this place.
 B = Non-inter-level travel time spent in this place.
 C = Inter-level travel time spent in this place.
 D = Time resting spent in this place.
 E = Time spent auto-exploring this place.
 F = Levels seen in this place.
 G = Mean time per level.
                   A        B        C        D        E       F      G
               +--------+--------+--------+--------+--------+-----+--------+
         Total |   5067 |   4982 |     85 |    287 |   3908 |   4 | 1266.8 |
       Dungeon |   5067 |   4982 |     85 |    287 |   3908 |   4 | 1266.8 |
               +--------+--------+--------+--------+--------+-----+--------+

Top non-repeatable levels by time:
     D:2: 2301 daAuts
     D:3: 1112 daAuts
     D:4: 915 daAuts
     D:1: 738 daAuts
